 Dungeon Crawl Stone Soup version 0.31.0-32-g396128a36d (webtiles) character file.

Game seed: 1797962934974604165

340 xzanthius the Conjurer (level 6, -9/28 HPs)
             Began as a Vine Stalker Conjurer on Apr 13, 2024.
             Mangled by an orc warrior
             ... wielding a +0 scimitar
              (12 damage)
             ... on level 5 of the Dungeon.
             The game lasted 00:07:54 (4123 turns).

xzanthius the Conjurer (Vine Stalker Conjurer)      Turns: 4123, Time: 00:07:54

Health: -9/28      AC:  3    Str: 13    XL:     6   Next: 56%
Magic:  0/14       EV: 12    Int: 20    God:
Gold:   201        SH:  0    Dex: 13    Spells: 4/15 levels left

rFire   + . .        C - +1 dagger (venom)
rCold   + . .        (no shield)
rNeg    . . .        y - +0 robe "Codukaemp" {Str+4}
rPois   .            (no helmet)
rElec   .            w - scarf {rC+ rF+}
rCorr   .            s - +0 pair of gloves
SInv    .            (no boots)
Will    .....        (no amulet)
Stlth   ++           l - ring of wizardry
HPRegen 1.04/turn    j - ring of wizardry
MPRegen 0.14/turn

%: guardian spirit, wizardry (x2)
@: no status effects
A: fangs 2, regeneration 1, magic shield, antimagic bite, no potion heal 2
a: no special abilities


You were on level 5 of the Dungeon.
You visited 2 branches of the dungeon, and saw 6 of its levels.

You collected 227 gold pieces.
You spent 26 gold pieces at shops.

Inventory:

Hand Weapons
 u - a +2 heavy scythe
 C - a +1 dagger of venom (weapon)
Missiles
 c - 46 stones
Armour
 s - a +0 pair of gloves (worn)
 w - a scarf of resistance (worn)
 y - the +0 robe "Codukaemp" (worn) {Str+4}
   (You found it on level 3 of the Dungeon)

   Str+4:     It affects your strength (+4).
Jewellery
 h - a ring of protection from fire
 j - a ring of wizardry (right hand)
 l - a ring of wizardry (left hand)
Talismans
 f - a flux talisman
 p - a maw talisman
 q - a serpent talisman
Wands
 v - a wand of flame (11)
Scrolls
 n - a scroll of blinking {unknown}
 o - a scroll of brand weapon {unknown}
 r - 2 scrolls of amnesia {unknown}
 t - 2 scrolls of enchant armour {unknown}
 x - 3 scrolls of enchant weapon {unknown}
 A - 2 scrolls of torment {unknown}
Potions
 a - a potion of invisibility {unknown}
 b - 3 potions of magic
 e - 2 potions of curing
 i - 2 potions of berserk rage
 k - 2 potions of mutation
 m - a potion of cancellation {unknown}
 z - 3 potions of attraction {unknown}
 B - a potion of might {unknown}


   Skills:
 - Level 1.5 Dodging
 - Level 2.4 Stealth
 * Level 5.0 Spellcasting
 * Level 6.1 Conjurations


You had 4 spell levels left.
You knew the following spells:

 Your Spells              Type           Power      Damage    Failure   Level
a - Magic Dart            Conj           100%       1d8       1%          1
b - Searing Ray           Conj           58%        2d6       1%          2
c - Iskenderun's Mystic   Conj/Tloc      17%        2d5       9%          4
d - Fulminant Prism       Conj/Alch      8%         3d7       9%          4

Your spell library contained the following spells:

 Spells                   Type           Power      Damage    Failure   Level


Dungeon Overview and Level Annotations

Branches:
Dungeon (5/15)             Temple (1/1) D:4

Altars:
Ashenzari
Cheibriados
Dithmenos
Elyvilon
Kikubaaqudgha
Makhleb
Nemelex Xobeh
Qazlal
Ru
Sif Muna
Trog
Vehumet
Wu Jian
Xom
Zin

Shops:
D:3 !=[   D:4 ?

Annotations:
D:4 1 runed translucent door, Crazy Yiuf


Innate Abilities, Weirdness & Mutations

You have extremely sharp teeth.
Your natural rate of healing is unusually fast.
When hurt, damage is shared between your health and your magic reserves.
Your bite disrupts and absorbs the magic of your enemies.
Potions cannot restore your health.


Message History

You finish channelling your searing ray.
The orc warrior barely misses you.
The orc warrior attacks as it pursues you!
The orc warrior hits you with a +0 scimitar!
Casting: Searing Ray (safe; 1% risk of failure)
Confirm with . or Enter, or press ? or * to list all spells.
Aiming: Searing Ray (safe; 1% risk of failure)
Press: ? - help, Shift-Dir - straight line, f - orc wizard, p - orc warrior
Aim: an orc wizard, wielding a +0 dagger and wearing a +0 robe (74% to hit)
The searing ray misses the orc warrior.
The searing ray hits the orc wizard.
The orc wizard is heavily wounded. (Press . to maintain the ray.)
The orc warrior hits you with a +0 scimitar!
* * * LOW HITPOINT WARNING * * *
Unknown command.
The searing ray misses the orc warrior.
The searing ray hits the orc wizard.
The orc wizard is almost dead.
The orc warrior barely misses you.
The searing ray hits the orc warrior but does no damage.
The orc warrior is severely wounded.
The searing ray hits the orc wizard!
You kill the orc wizard!
The orc warrior barely misses you.
Your Spellcasting skill increases to level 5!
The searing ray hits the orc warrior.
The orc warrior is almost dead.
The searing ray hits the orc!
You kill the orc!
You finish channelling your searing ray.
The orc warrior misses you.
The orc warrior attacks as it pursues you!
The orc warrior hits you with a +0 scimitar!
* * * LOW HITPOINT WARNING * * *
Okay, then.
Okay, then.
There is a stone staircase leading up here.
Okay, then.
Okay, then.
The orc warrior hits you with a +0 scimitar!
You die...

#.# ######.#
#......##
#.##....##
#........##
#.#####.#.<....#
#..............#
#######..#.....#
#.....@o.#
#.....o#.#
#......#.#
#.#......)..o...
#.#.............
#........######.
###......#
#......#
#...^..#


You could see an orc warrior and an orc.

Vanquished Creatures
  Sigmund (D:3)
  An orc wizard (D:5)
  A gnoll (D:1)
  6 adders
  3 dart slugs
  A ribbon worm (D:3)
  4 orcs
  9 ball pythons
  8 endoplasms
  3 giant cockroaches
  4 hobgoblins
  6 jackals
  10 kobolds
  4 quokkas
  5 bats
  5 frilled lizards
  4 goblins
  6 rats
81 creatures vanquished.

Notes
Turn   | Place    | Note
-------+----------+-------------------------------------------
     0 | D:1      | xzanthius the Vine Stalker Conjurer began the quest for the
                  | Orb.
     0 | D:1      | Reached XP level 1. HP: 9/9 MP: 4/4
   241 | D:1      | Reached XP level 2. HP: 13/13 MP: 3/6
   244 | D:1      | Learned a level 2 spell: Searing Ray
   756 | D:1      | Reached XP level 3. HP: 4/16 MP: 0/8
  1453 | D:2      | Reached XP level 4. HP: 21/21 MP: 1/10
  1458 | D:2      | Learned a level 4 spell: Iskenderun's Mystic Blast
  1886 | D:2      | Reached skill level 5 in Conjurations
  2508 | D:3      | Found Xusemol's Distillery.
  2535 | D:3      | Found Caguqife's Jewellery Shoppe.
  2635 | D:3      | Noticed Sigmund
  2644 | D:3      | Killed Sigmund
  2645 | D:3      | Reached XP level 5. HP: 24/24 MP: 1/13
  2645 | D:3      | Reached XP level 6. HP: 28/28 MP: 1/14
  3092 | D:3      | Found Zotusis's Antique Armour Boutique.
  3097 | D:3      | Identified the +0 robe "Codukaemp" {Str+4}
  3236 | D:4      | Found a white marble altar of Elyvilon.
  3377 | D:4      | Learned a level 4 spell: Fulminant Prism
  3500 | D:4      | Reached skill level 6 in Conjurations
  3543 | D:4      | Found a runed translucent door.
  3544 | D:4      | Noticed Crazy Yiuf
  3639 | D:4      | Found a staircase to the Ecumenical Temple.
  3651 | Temple   | Entered the Ecumenical Temple
  3933 | D:4      | Found Ireabyoz's Magic Scroll Emporium.
  3937 | D:4      | Bought a scroll of identify for 26 gold pieces
  4067 | D:5      | Entered Level 5 of the Dungeon
  4067 | D:5      | Noticed an orc warrior
  4110 | D:5      | Noticed an orc warrior
  4120 | D:5      | Reached skill level 5 in Spellcasting
  4121 | D:5      | HP: 1/28 [orc warrior/+0 scimitar (10)]
  4123 | D:5      | Mangled by an orc warrior

Illustrated notes

Levels and vault maps discovered:
D:1:      dpeg_arrival_simpleton_a, layout_basic
D:2:      layout_basic, grunt_ministairs_7
D:3:      layout_loops_ring, serial_shops, nicolae_shop_stone,
          nicolae_shop_temple_entry_statues_fountains, shop, uniq_sigmund
D:4:      layout_loops_cross, elyvilon_altar_5, minmay_temple_entry_grid,
          serial_shops, nicolae_shop_behind_doors, uniq_crazy_yiuf_cottage
D:5:      layout_basic, kennysheep_pointless_box, nicolae_shop_fire_sale
          [nicolae_sub_dead_trees]
Temple:   dpeg_chambers_temple

Skill      XL: |  1  2  3  4  5  6 |
---------------+-------------------+-----
Spellcasting   | 3 4 5 |  5.0
Conjurations   | 5 6 |  6.1
Dodging        | |  1.5
Stealth        | |  2.4

Action                     |  1- 3 |  4- 6 || total
---------------------------+-------+-------++-------
  Melee: Dagger            |    21 |       ||    21
         Bite              |     6 |       ||     6
   Cast: Magic Dart        |    59 |    93 ||   152
         Searing Ray       |     2 |     6 ||     8
  Evoke: Wand              |       |     1 ||     1
    Use: Scroll            |       |     3 ||     3
 Armour: Robe              |    16 |    10 ||    26
  Dodge: Dodged            |    22 |     9 ||    31
